 Dungeon Crawl Stone Soup version 0.27-a0-1071-ga85bd9520d (webtiles) character file.

Game seed: 8894373398985513880

1839 funkygono the Firebug (level 9, -3/47 HPs)
             Began as a Gargoyle Fire Elementalist on Apr 25, 2021.
             Slain by an ogre
             ... wielding a +0 giant spiked club
              (22 damage)
             ... on level 5 of the Dungeon.
             The game lasted 00:16:27 (6599 turns).

funkygono the Firebug (Gargoyle Fire Elementalist)  Turns: 6599, Time: 00:16:28

Health: -3/47      AC:  8    Str: 13    XL:     9   Next: 11%
Magic:  15/18      EV: 12    Int: 18    God:
Gold:   148        SH:  0    Dex: 10    Spells: 7/20 levels left

rFire    . . .     SeeInvis .   m - +4 dagger (venom)
rCold    . . .     Faith    .   (no shield)
rNeg     + . .     Spirit   .   a - +0 robe
rPois    ∞         Reflect  .   (no helmet)
rElec    +         Harm     .   (no cloak)
rCorr    .         Rampage  .   (no gloves)
Will     .....                  (no boots)
Stlth    ++........             (no amulet)
HPRegen  0.15/turn              (no ring)
MPRegen  0.16/turn              (no ring)

@: no status effects
A: AC +6, negative energy resistance 1, electricity resistance, torment
resistance 1, unbreathing 1, petrification resistance
a: no special abilities


You were on level 5 of the Dungeon.
You visited 1 branch of the dungeon, and saw 5 of its levels.
You also visited: Sewer and Ossuary.

You collected 148 gold pieces.

Inventory:

Hand Weapons
 g - a +0 vampiric dagger
 m - a +4 dagger of venom (weapon)
 o - a +2 whip of distortion
 x - a +0 long sword
Missiles
 e - 98 stones
 q - a curare-tipped dart
Armour
 a - a +0 robe (worn)
 t - a +2 scale mail of fire resistance
Wands
 n - a wand of digging (4)
Scrolls
 b - 4 scrolls of teleportation
 c - a scroll of silence {unknown}
 j - 2 scrolls of amnesia
 r - a scroll of magic mapping
 v - a scroll of immolation
Potions
 d - 2 potions of curing {unknown}
 f - a potion of haste {unknown}
 h - 3 potions of lignification
 i - 2 potions of brilliance
 k - 4 potions of attraction
 l - a potion of might {unknown}
 p - 2 potions of magic {unknown}
 s - 2 potions of ambrosia
 u - 3 potions of heal wounds {unknown}
 w - 2 potions of berserk rage {unknown}


   Skills:
 + Level 1.0 Fighting
 + Level 0.4 Short Blades
 + Level 2.5 Dodging
 - Level 2.1 Stealth
 * Level 6.2 Spellcasting
 * Level 6.3 Conjurations
 * Level 7.5 Fire Magic


You had 7 spell levels left.
You knew the following spells:

 Your Spells              Type           Power      Damage    Failure   Level
a - Foxfire               Conj/Fire      100%       2x1d9     1%          1
b - Conjure Flame         Conj/Fire      30%        6-21      1%          3
c - Sticky Flame          Conj/Fire      30%        2d5       7%          4
d - Fireball              Conj/Fire      15%        3d8       19%         5

Your spell library contained the following spells:

 Spells                   Type           Power      Damage    Failure   Level
 Inner Flame              Hex/Fire       19%        N/A       8%          3
 Animate Skeleton         Necr           10%        N/A       12%         1
 Apportation              Tloc           10%        N/A       12%         1
 Corona                   Hex            5%         N/A       12%         1
 Summon Small Mammal      Summ           20%        N/A       12%         1


Dungeon Overview and Level Annotations

Branches:
Dungeon (5/15)              Sewer (visited)         Ossuary (visited)
 Temple: D:4-7

Altars:
Ru

Shops:
D:3 !   D:4 !


Innate Abilities, Weirdness & Mutations

Your stone body is resilient. (AC +6)
You are immune to poison.
You resist negative energy. (rN+)
You are resistant to electric shocks. (rElec)
You are resistant to unholy torment.
You can survive without breathing.
You are immune to petrification.


Message History

Unknown command.
Your foxfire dissipates! x2
k - 4 potions of attraction (gained 1)
You open the door.
An ogre comes into view. It is wielding a +0 giant spiked club.
Casting: Foxfire (safe; 1% risk of failure)
Confirm with . or Enter, or press ? or * to list all spells.
You conjure some foxfire!
Your foxfire dissipates!
Casting: Foxfire (safe; 1% risk of failure)
Confirm with . or Enter, or press ? or * to list all spells.
You conjure some foxfire!
Casting: Foxfire (safe; 1% risk of failure)
Confirm with . or Enter, or press ? or * to list all spells.
You conjure some foxfire!
You start resting.
Your foxfire dissipates!
You start resting.
Your foxfire dissipates!
Your foxfire dissipates!
Casting: Foxfire (safe; 1% risk of failure)
Confirm with . or Enter, or press ? or * to list all spells.
You conjure some foxfire!
Your foxfire dissipates!
The ogre shouts!
The foxfire hits the ogre.
The ogre is lightly wounded.
Casting: Foxfire (safe; 1% risk of failure)
Confirm with . or Enter, or press ? or * to list all spells.
You conjure some foxfire!
The ogre hits you with a +0 giant spiked club!!
Ouch! That really hurt!
Casting: Foxfire (safe; 1% risk of failure)
Confirm with . or Enter, or press ? or * to list all spells.
You conjure some foxfire!
The foxfire hits the ogre.
The ogre is moderately wounded.
The foxfire hits the ogre.
The ogre is heavily wounded.
The ogre hits you with a +0 giant spiked club!!
You die...

##.###.####### #.#
.....<...## #.#
..........# #.#
...###..#.## #.# ..
#..#..# #.# #..##.### #.##
##.......### #..######
........v.§'#######'......
.....###O@##...#...######.
.#.#.#..v.##.>.#.>.# #. #
# #.##.##...#...# #.
#.#.##.########## #. #
#...##.##...#...# #.
##.######.##...#.>.# #.
#...#####..#...#...## #.
...........'#######'# #.
#.........# #####.#####.


You could see an ogre (ally target).

Vanquished Creatures
  Sigmund (D:4)
  A sky beast (D:4)
  An ogre (D:4)
  A centaur (D:3)
  The ghost of graki42 the Conjurer, an amateur DECj (D:3)
  6 kobold brigands (Sewer)
  A bullfrog (D:3)
  3 water moccasin zombies (Ossuary)
  A howler monkey (D:4)
  A jelly (D:5)
  2 hounds (D:4)
  An orc priest (D:4)
  3 iguanas
  Ijyb (D:4)
  2 orc wizards (D:4)
  2 mummies (Ossuary)
  7 gnolls
  3 river rats (Sewer)
  13 adders
  An adder skeleton (D:4)
  6 adder zombies (Ossuary)
  3 worms (Sewer)
  3 dart slugs
  9 orcs
  8 ball pythons
  8 bats
  13 endoplasms
  6 giant cockroaches
  5 goblins
  9 hobgoblins
  5 jackals
  6 quokkas
  4 frilled lizards
  5 gnoll zombies (Ossuary)
  5 hobgoblin zombies (Ossuary)
  19 kobolds
  4 kobold zombies (Ossuary)
  6 orc zombies (Ossuary)
  9 rats
185 creatures vanquished.

Vanquished Creatures (others)
  A hobgoblin zombie (Ossuary)
  640 foxfires
641 creatures vanquished.

Grand Total: 826 creatures vanquished

Notes
Turn   | Place    | Note
-------+----------+-------------------------------------------
     0 | D:1      | funkygono the Gargoyle Fire Elementalist began the quest
                  | for the Orb.
     0 | D:1      | Reached XP level 1. HP: 10/10 MP: 3/3
   141 | D:1      | Reached XP level 2. HP: 15/15 MP: 3/5
   602 | D:1      | Reached XP level 3. HP: 19/19 MP: 3/6
   606 | D:1      | Learned a level 3 spell: Conjure Flame
  1394 | D:2      | Reached skill level 4 in Fire Magic
  1394 | D:2      | Reached XP level 4. HP: 21/24 MP: 5/8
  1494 | D:2      | Learned a level 4 spell: Sticky Flame
  2228 | D:3      | Reached XP level 5. HP: 23/28 MP: 6/9
  2454 | D:3      | Noticed a centaur
  2460 | D:3      | Killed a centaur
  2461 | D:3      | Reached XP level 6. HP: 15/32 MP: 6/11
  2660 | D:3      | Reached skill level 5 in Fire Magic
  2668 | D:3      | Found a glowing drain.
  2680 | Sewer    | Entered a sewer
  3086 | Sewer    | Reached XP level 7. HP: 37/37 MP: 8/12
  3747 | Sewer    | Reached skill level 6 in Fire Magic
  4136 | D:3      | Found Cemyhisure's Distillery.
  4281 | D:3      | Found a runed translucent door.
  4300 | D:3      | Noticed graki42's ghost (amateur DECj)
  4311 | D:3      | Killed graki42's ghost
  4312 | D:3      | Reached skill level 1 in Fighting
  4312 | D:3      | Reached XP level 8. HP: 41/43 MP: 7/15
  4381 | D:3      | Learned a level 5 spell: Fireball
  4523 | D:4      | Found a sacrificial altar of Ru.
  4539 | D:4      | Noticed Ijyb
  4553 | D:4      | Killed Ijyb
  4804 | D:4      | Reached skill level 5 in Spellcasting
  4974 | D:4      | Found Qoox's Distillery.
  5386 | D:4      | Reached skill level 5 in Conjurations
  5448 | D:4      | Noticed Sigmund
  5454 | D:4      | Killed Sigmund
  5455 | D:4      | Reached skill level 7 in Fire Magic
  5563 | D:5      | Entered Level 5 of the Dungeon
  5723 | D:5      | Found a sand-covered staircase.
  5728 | Ossuary  | Entered an ossuary
  5978 | Ossuary  | Reached XP level 9. HP: 45/47 MP: 9/18
  6599 | D:5      | Slain by an ogre

Illustrated notes

Levels and vault maps discovered:
D:1:      lightli_iron_boxes, layout_rooms, st_stairs_12
D:2:      layout_loops_ring
D:3:      layout_basic, serial_shops, shop, gup_sewer_entry_bowl,
          ebering_ghost_sewer_d
D:4:      layout_cave_pools, nicolae_ru_great_annihilating_truth, serial_shops,
          shop, uniq_sigmund, uniq_ijyb
D:5:      layout_basic, nicolae_ossuary_entry_false_entrances

Skill      XL: |  1  2  3  4  5  6  7  8  9 |
---------------+----------------------------+-----
Fire Magic     | 4 5 6 7 |  7.5
Dodging        | 2 |  2.5
Spellcasting   | 3 4 6 |  6.2
Conjurations   | 2 3 4 5 6 |  6.3
Fighting       | 1 |  1.0
Short Blades   | |  0.4
Stealth        | |  2.1

Action                   |  1- 3 |  4- 6 |  7- 9 || total
-------------------------+-------+-------+-------++-------
Melee: Unarmed           |     1 |       |       ||     1
       Dagger            |    14 |    36 |    17 ||    67
 Cast: Foxfire           |    65 |    79 |   239 ||   383
       Conjure Flame     |       |     1 |     1 ||     2
       Sticky Flame      |       |       |     2 ||     2
  Use: Scroll            |     4 |       |    10 ||    14
Armor: Robe              |     6 |    30 |    17 ||    53
Dodge: Dodged            |    30 |    57 |    44 ||   131

Table legend: (Time is in decaauts)
 A = Elapsed time spent in this place.
 B = Non-inter-level travel time spent in this place.
 C = Inter-level travel time spent in this place.
 D = Time resting spent in this place.
 E = Time spent auto-exploring this place.
 F = Levels seen in this place.
 G = Mean time per level.
                   A        B        C        D        E       F      G
               +--------+--------+--------+--------+--------+-----+--------+
         Total |   6779 |   6620 |    159 |    130 |   4980 |   7 |  968.4 |
       Dungeon |   4681 |   4522 |    159 |    130 |   3261 |   5 |  936.2 |
         Sewer |   1462 |   1462 |      0 |      0 |   1217 |   1 | 1462.0 |
       Ossuary |    635 |    635 |      0 |      0 |    502 |   1 |  635.0 |
               +--------+--------+--------+--------+--------+-----+--------+

Top non-repeatable levels by time:
   Sewer: 1462 daAuts
     D:3: 1130 daAuts
     D:4: 1123 daAuts
     D:1: 1092 daAuts
     D:2: 934 daAuts
 Ossuary: 635 daAuts
     D:5: 400 daAuts
